 Dungeon Crawl Stone Soup version 0.30-a0-54-g2e61a25929 (webtiles) character file.

Game seed: 3774235053104732674

521 Newt the Cutter (level 7, -5/54 HPs)
             Began as a Demonspawn Gladiator on Sept 7, 2022.
             Slain by a hornet (11 damage)
             ... on level 4 of the Dungeon.
             The game lasted 00:04:54 (3370 turns).

Newt the Cutter (Demonspawn Gladiator)              Turns: 3370, Time: 00:04:55

Health: -5/54      AC:  8    Str: 15    XL:     7   Next: 1%
Magic:  7/7        EV: 12    Int:  9    God:
Gold:   146        SH:  0    Dex: 16    Spells: 6/6 levels left

rFire   . . .      SeeInvis .    v - +5 rapier of Mandamus {vorpal, rC+ rN+}
rCold   + . .      Faith    +    (no shield)
rNeg    + . .      Spirit   .    b - +0 leather armour
rPois   .          Reflect  .    c - +0 helmet
rElec   .          Harm     .    (no cloak)
rCorr   .          Rampage  .    t - +0 pair of gloves
Will    .....                    (no boots)
Stlth   +.........               g - amulet of faith
HPRegen 0.18/turn                (no ring)
MPRegen 0.10/turn                (no ring)

@: lethally poisoned (-5 -> -11), slowed, very slow
A: icy blue scales 2, ignite blood 2
a: no special abilities


You were on level 4 of the Dungeon.
You visited 1 branch of the dungeon, and saw 4 of its levels.

You collected 146 gold pieces.

Inventory:

Hand Weapons
 a - a +0 rapier
 i - a +0 dagger of freezing
 l - a +2 dagger of venom
 v - the +5 rapier of Mandamus (weapon) {vorpal, rC+ rN+}
   (You took it off a goblin on level 4 of the Dungeon)

   It inflicts extra damage upon your enemies.
   rC:        It protects you from cold.
   rN:        It protects you from negative energy.
Missiles
 d - 2 throwing nets (quivered)
 e - a javelin
Armour
 b - a +0 leather armour (worn)
 c - a +0 helmet (worn)
 t - a +0 pair of gloves (worn)
Jewellery
 g - an amulet of faith (around neck)
Wands
 s - a wand of flame (9)
Scrolls
 n - a scroll of teleportation {unknown}
 o - a scroll of vulnerability {unknown}
 p - 3 scrolls of blinking {unknown}
 q - a scroll of summoning {unknown}
 r - 3 scrolls of identify {unknown}
 u - a scroll of enchant armour {unknown}
Potions
 f - a potion of haste
 h - a potion of cancellation {unknown}
 j - a potion of attraction {unknown}
 k - a potion of heal wounds
 m - a potion of invisibility {unknown}


   Skills:
 - Level 4.0 Fighting
 - Level 6.0 Short Blades
 - Level 1.7 Throwing
 + Level 3.1 Dodging
 - Level 2.0 Stealth


You had 6 spell levels left.
You didn't know any spells.
Your spell library contained the following spells:

 Spells                   Type           Power      Damage    Failure   Level
 Shock                    Conj/Air       0%         1d3       45%         1
 Swiftness                Air            0%         N/A       83%         3
 Airstrike                Air            0%         2d(0-16)  99%         4


Dungeon Overview and Level Annotations

Branches:
Dungeon (5/15)
 Temple: D:4-7

Altars:
Qazlal

Shops:
D:2 (


Innate Abilities, Weirdness & Mutations

You are mostly covered in icy blue scales. (AC +3)
Your demonic aura often causes spilled blood to erupt in flames.


Message History

You are poisoned.
You feel as though you will be slow longer.
Your unstable footing causes you to fumble your attack.
You feel very sick.
The hornet stings you but does no damage.
The hornet stings you!
You feel as though you will be slow longer.
Your unstable footing causes you to fumble your attack.
You feel sick. The hornet stings you.
You feel as though you will be slow longer.
The hornet completely misses you.
You are too injured to fight recklessly!
Unknown command.
Your unstable footing causes you to fumble your attack.
You feel sick. The hornet barely misses you. x2
You hit the hornet.
The hornet is moderately wounded.
You feel sick. The hornet stings you!
* * * LOW HITPOINT WARNING * * *
You are lethally poisoned!
You feel as though you will be slow longer.
The hornet closely misses you.
Throw: 3 throwing nets
Press: ? - help, Q - select action, (/) - cycle Shift-Dir - straight line, f - hornet
Aim: a hornet (moderately wounded, 48% to hit)
You throw a throwing net. The throwing net hits the hornet.
The hornet is caught in the net!
The hornet is moderately wounded.
You hear a splash.
* * * LOW HITPOINT WARNING * * *
You feel very sick.
The hornet struggles against the net. x2
Unknown command.
Your unstable footing causes you to fumble your attack.
* * * LOW HITPOINT WARNING * * *
You feel very sick.
The hornet struggles against the net.
The net rips apart, and the hornet comes free!
The hornet stings you!
You die...

#.###...........
#.# #...........
#.# #....>......
#†# ##..........
#)# #####...)..
#.## ##..... ###
#♣♣♣♣~♣#
###.....#
.)...♣~~♣~~~♣#
#...##..#
♣~~~y@~~P~~#
#.####..#
♣~~~≈≈≈~~~~~# #.
#...
~~~≈≈≈≈≈~~~~~♣ .
#...
~~~~≈P~~P~~~~~~.
##..
~~~~~~~~~~..~.♣..
#..
♣~~~~~.~.........
#..
#................
#>.
#........~...~~~♣
##. ##


You could see a hornet.

Vanquished Creatures
  2 black bears (D:4)
  4 hounds
  Jessica (D:2)
  An orc wizard (D:4)
  3 adders (D:2)
  7 gnolls
  2 worms
  A dart slug (D:1)
  2 orcs (D:4)
  6 ball pythons
  4 endoplasms
  3 giant cockroaches
  7 goblins
  10 hobgoblins
  7 kobolds
  2 quokkas
  3 bats
  11 rats
76 creatures vanquished.

Vanquished Creatures (others)
  4 fungi (D:4)
  41 plants
45 creatures vanquished.

Grand Total: 121 creatures vanquished

Notes
Turn   | Place    | Note
-------+----------+-------------------------------------------
     0 | D:1      | Newt the Demonspawn Gladiator began the quest for the Orb.
     0 | D:1      | Reached XP level 1. HP: 16/16 MP: 1/1
    60 | D:1      | Reached skill level 1 in Stealth
   194 | D:1      | Gained mutation: Your demonic aura sometimes causes spilled
                  | blood to erupt in flames. [demonic ancestry]
   194 | D:1      | Reached XP level 2. HP: 21/22 MP: 2/2
   810 | D:1      | Found a faded altar of an unknown god.
   994 | D:1      | Reached XP level 3. HP: 25/28 MP: 3/3
  1400 | D:2      | Noticed Jessica
  1407 | D:2      | Killed Jessica
  1408 | D:2      | Gained mutation: You are partially covered in icy blue
                  | scales. (AC +2) [demonic ancestry]
  1408 | D:2      | Reached XP level 4. HP: 37/37 MP: 4/4
  1666 | D:1      | Reached skill level 3 in Short Blades
  2089 | D:2      | Reached XP level 5. HP: 39/42 MP: 5/5
  2215 | D:2      | Found Guolin's Weapon Shop.
  2227 | D:2      | You fall into a shaft and drop 2 floors!
  2403 | D:4      | Noticed a black bear
  2403 | D:4      | Noticed a black bear
  2418 | D:4      | Reached skill level 4 in Short Blades
  2421 | D:4      | Killed a black bear
  2422 | D:4      | Gained mutation: Your demonic aura often causes spilled
                  | blood to erupt in flames. [demonic ancestry]
  2422 | D:4      | Reached XP level 6. HP: 40/48 MP: 6/6
  2440 | D:4      | Reached skill level 5 in Short Blades
  2641 | D:4      | Found a stormy altar of Qazlal.
  2780 | D:4      | HP: 2/48 [gnoll/+0 halberd (6)]
  2804 | D:5      | Entered Level 5 of the Dungeon
  2806 | D:5      | Reached skill level 6 in Short Blades
  3217 | D:4      | Identified the +5 rapier of Mandamus {vorpal, rC+ rN+}
  3217 | D:4      | Noticed a hornet
  3236 | D:4      | Gained mutation: You are mostly covered in icy blue scales.
                  | (AC +3) [demonic ancestry]
  3236 | D:4      | Reached XP level 7. HP: 33/54 MP: 7/7
  3370 | D:4      | Slain by a hornet

Illustrated notes

Levels and vault maps discovered:
D:1:      dpeg_arrival_ratfight, layout_rooms,
          shapermc_ecumenical_altar_flowoftime, minmay_cut_off
D:2:      layout_rooms, serial_shops, shop, uniq_jessica
D:4:      layout_loops_ring, gammafunk_temple_overflow_wave, serial_bayou,
          serial_bayou_pond_a, serial_bayou_pond_b, serial_bayou_ford_a,
          serial_bayou_shore_b, dreamdust_gnoll_farm
D:5:      layout_loops_ring, serial_bayou, serial_bayou_lagoon_a,
          serial_bayou_pond_b, serial_bayou_shore_b, serial_bayou_lagoon_b

Skill      XL: |  1  2  3  4  5  6 |
---------------+-------------------+-----
Stealth        | 1 2 |  2.0
Fighting       | 3 4 |  4.0
Short Blades   | 3 4 6 |  6.0
Dodging        | 3 |  3.1
Throwing       | |  1.7

Action                   |  1- 3 |  4- 6 |  7- 9 || total
-------------------------+-------+-------+-------++-------
Melee: Rapier            |    42 |       |    12 ||    54
       Dagger            |    77 |   135 |       ||   212
       Punch             |       |     1 |       ||     1
Throw: Throwing net      |       |       |     1 ||     1
  Use: Scroll            |     1 |       |       ||     1
       Potion            |       |     2 |       ||     2
 Stab: Sleeping          |       |     2 |       ||     2
Armor: Leather armour    |    37 |    41 |     5 ||    83
Dodge: Dodged            |    98 |    93 |    10 ||   201

Table legend: (Time is in decaauts)
 A = Elapsed time spent in this place.
 B = Non-inter-level travel time spent in this place.
 C = Inter-level travel time spent in this place.
 D = Time resting spent in this place.
 E = Time spent auto-exploring this place.
 F = Levels seen in this place.
 G = Mean time per level.
                   A        B        C        D        E       F      G
               +--------+--------+--------+--------+--------+-----+--------+
         Total |   3324 |   3269 |     55 |   1097 |   1674 |   4 |  831.0 |
       Dungeon |   3324 |   3269 |     55 |   1097 |   1674 |   4 |  831.0 |
               +--------+--------+--------+--------+--------+-----+--------+

Top non-repeatable levels by time:
     D:1: 1582 daAuts
     D:4: 767 daAuts
     D:2: 612 daAuts
     D:5: 362 daAuts
